 Dungeon Crawl Stone Soup version 0.30.1-9-gdf580d7c3d (webtiles) character file.

Game seed: 3259228956294481349

5509 Nonny the Fighter (level 10, -2/64 HPs)
             Began as a Tengu Earth Elementalist on Oct 14, 2023.
             Was an Initiate of Gozag.
             Killed from afar by an acid dragon (21 damage)
             ... with a splash of acid
             ... on level 9 of the Dungeon.
             The game lasted 00:52:04 (9032 turns).

Nonny the Fighter (Tengu Earth Elementalist)        Turns: 9032, Time: 00:52:04

Health: -2/64      AC:  4    Str: 12    XL:     10   Next: 70%
Magic:  14/14      EV: 17    Int: 17    God:    Gozag
Gold:   427        SH:  6    Dex: 14    Spells: 7/14 levels left

rFire   . . .        v - staff of poison
rCold   + + .        P - +1 buckler
rNeg    . . .        D - +3 leather armour of the Shining Light {Rampage rC++ Will++}
rPois   +            (helmet restricted)
rElec   .            (no cloak)
rCorr   .            C - +0 pair of gloves
SInv    .            (boots unavailable)
Will    ++...        m - amulet of magic regeneration
Stlth   ++           F - ring of poison resistance
HPRegen 0.30/turn    (no ring)
MPRegen 0.54/turn

%: rampage
@: corroded, gold aura, flying quickly and evasively, quick
A: beak, talons 3, nimble flight
a: Renounce Religion, Potion Petition, Call Merchant, Bribe Branch


You were on level 9 of the Dungeon.
You worshipped Gozag.
Gozag was aware of your devotion.
You visited 2 branches of the dungeon, and saw 10 of its levels.
You also visited: Sewer and Bailey.

You collected 1488 gold pieces.
You spent 147 gold pieces at shops.
You paid 914 gold pieces to Gozag.

Inventory:

Hand Weapons
 d - a +0 dagger
 w - a +2 rapier of venom
Missiles
 g - 13 poisoned darts
 i - 6 atropa-tipped darts
 T - 2 curare-tipped darts
Armour
 a - a +0 kite shield
 C - a +0 pair of gloves (worn)
 D - the +3 leather armour of the Shining Light (worn) {Rampage rC++ Will++}
   (You bought it in a shop on level 5 of the Dungeon)

   rC:        It greatly protects you from cold.
   Rampage:   It bestows one free step when moving towards enemies.
   Will:      It greatly increases your willpower.
 H - a +2 robe of fire resistance
 P - a +1 buckler (worn)
Magical Staves
 v - a staff of poison (weapon)
 Q - a staff of conjuration
Jewellery
 m - an amulet of magic regeneration (around neck)
 B - a ring of fire
 F - a ring of poison resistance (left hand)
 L - a +6 ring of dexterity
Wands
 z - a wand of paralysis (7)
 I - a wand of flame (23)
 R - a wand of mindburst (6)
Scrolls
 c - a scroll of teleportation
 h - 2 scrolls of fog {unknown}
 k - 4 scrolls of fear
 l - 3 scrolls of enchant weapon {unknown}
 o - a scroll of summoning {unknown}
 q - 2 scrolls of blinking
 r - 2 scrolls of magic mapping {unknown}
 s - a scroll of torment {unknown}
 t - a scroll of silence {unknown}
 u - 2 scrolls of poison {unknown}
 y - 2 scrolls of amnesia
 E - a scroll of brand weapon {unknown}
 G - 3 scrolls of acquirement {unknown}
 N - a scroll of immolation
Potions
 b - 3 potions of magic
 f - 6 potions of heal wounds
 j - 7 potions of curing
 n - 2 potions of haste
 p - a potion of invisibility
 x - a potion of mutation {unknown}
 A - 4 potions of brilliance
 J - 5 potions of flight {unknown}
 K - a potion of resistance {unknown}
 M - 2 potions of might
 O - a potion of lignification
 S - a potion of cancellation {unknown}


   Skills:
 - Level 8.3 Fighting
 + Level 6.1 Staves
 - Level 8.0 Armour
 + Level 7.3 Dodging
 - Level 3.0 Stealth
 - Level 3.0 Shields
 * Level 2.5 Spellcasting
 - Level 2.0 Transmutations
 - Level 2.1 Earth Magic
 - Level 3.0 Poison Magic
 - Level 3.0 Evocations


You had 7 spell levels left.
You knew the following spells:

 Your Spells              Type           Power      Damage    Failure   Level
a - Sandblast             Erth           18%        2d7       13%         1
b - Passwall              Tmut/Erth      7%         N/A       21%         2
c - Stone Arrow           Conj/Erth      10%        3d7       52%         3
d - Apportation           Tloc           4%         N/A       32%         1

Your spell library contained the following spells:

 Spells                   Type           Power      Damage    Failure   Level
 Magic Dart               Conj           8%         1d3       32%         1
 Necrotise                Necr           8%         1d4       32%         1
 Summon Small Mammal      Summ           8%         N/A       32%         1
 Call Imp                 Summ           4%         N/A       43%         2
 Lesser Beckoning         Tloc           4%         N/A       43%         2
 Mephitic Cloud           Conj/Pois/Air  8%         N/A       54%         3
 Gell's Gravitas          Tloc           2%         N/A       67%         3
 Teleport Other           Tloc           2%         N/A       67%         3
 Petrify                  Tmut/Erth      9%         N/A       80%         4
 Metabolic Englaciation   Hex/Ice        1%         N/A       100%        5
 Statue Form              Tmut/Erth      6%         N/A       100%        6


Dungeon Overview and Level Annotations

Branches:
Dungeon (9/15)             Temple (1/1) D:6            Lair (0/5) D:9
  Sewer (visited)          Bailey (visited)
    Orc: D:9-12

Altars:
Ashenzari
Cheibriados
Dithmenos
Elyvilon
Fedhas
Gozag
Hepliaklqana
Kikubaaqudgha
Makhleb
Nemelex Xobeh
Okawaru
Qazlal
Ru
Sif Muna
Trog
Uskayaw
Vehumet
Wu Jian
Xom
Yredelemnul
Zin

Shops:
D:5 ([[([

Annotations:
D:4 3 runed translucent doors, laqueoix's ghost, amateur MfGl
D:6 Grinder


Innate Abilities, Weirdness & Mutations

You have a beak for a mouth.
You have claws for feet.
Your magical nature lets you fly swiftly and evasively.


Message History

The wyvern misses you. The wyvern completely misses you.
You hit the wyvern.
You envenom the wyvern.
The wyvern is poisoned.
The wyvern is moderately wounded.
The wyvern bites you.
You hit the wyvern but do no damage. Your kick misses the wyvern.
The wyvern is moderately wounded.
The wyvern bites you but does no damage.
You hit the wyvern.
You envenom the wyvern.
The wyvern looks even sicker.
Your peck misses the wyvern.
The wyvern is severely wounded.
You block the wyvern's attack. The wyvern completely misses you.
You hit the wyvern.
The wyvern is almost dead.
The wyvern bites you!
You closely miss the wyvern. You claw the wyvern.
You kill the wyvern!
The acid dragon spits acid at you. The splash of acid hits you!!
* * * LOW HITPOINT WARNING * * *
The acid corrodes you!
You rampage towards the acid dragon!
You hit the acid dragon but do no damage.
You claw the acid dragon, but do no damage.
Your peck misses the acid dragon. You block the acid dragon's attack.
The acid dragon completely misses you.
You feel much better. The acid dragon completely misses you.
The acid dragon closely misses you.
You barely miss the acid dragon. The acid dragon bites you.
The acid dragon barely misses you.
You hit the acid dragon but do no damage.
The acid dragon bites you. The acid dragon misses you.
You hit the acid dragon but do no damage.
Your kick misses the acid dragon. You block the acid dragon's attack.
The acid dragon claws you.
* * * LOW HITPOINT WARNING * * *
Unknown command.
The acid dragon spits acid at you. The splash of acid hits you!!
You die...
Your body crumbles into a pile of gold.

#...##### #......P #.#.#
#..PPPP. #...# #P......
#...# ..♣..... #...#
#....♣D. #...# #P....
#...# ##.... #...#
######.. #@#.# #......#
#$#)# #....#.# #
#D#)#... #....#.# #.
#.).#..####S#....# #...
#...#.>#.........#
#...###...#..#.#....####
#.#.......#..#.#....#
#....#....#..#.#....#
#....#....#..#......#


You could see an acid dragon (catching breath).

Vanquished Creatures
  An orc knight (Bailey)
  A kobold demonologist (D:9)
  2 hornets
  3 wyverns
  A steam dragon (D:6)
  2 water moccasins (D:9)
  An ice beast (D:5)
  Pargi (Sewer)
  An orc warrior (D:7)
  A black bear (D:6)
  5 ogres
  2 wolves (D:9)
  A centaur (D:7)
  2 phantoms
  A gnoll sergeant (D:8)
  A kobold brigand (D:7)
  4 bullfrogs
  6 scorpions
  5 wights (D:8)
  3 killer bees (D:8)
  3 howler monkeys (D:8)
  3 hounds
  2 jellies (D:7)
  4 orc priests
  4 gnoll boudas
  An iguana (D:5)
  7 orc wizards
  10 adders
  38 gnolls
  A shadow imp (D:7)
  2 white imps
  2 worms (D:3)
  37 orcs
  7 bats
  5 endoplasms
  6 giant cockroaches
  12 goblins
  21 hobgoblins
  5 quokkas
  4 ball pythons
  4 frilled lizards
  16 kobolds
  11 rats
249 creatures vanquished.

Vanquished Creatures (others)
  An orc wizard (D:9)
1 creature vanquished.

Grand Total: 250 creatures vanquished

Notes
Turn   | Place    | Note
-------+----------+-------------------------------------------
     0 | D:1      | Nonny the Tengu Earth Elementalist began the quest for the
                  | Orb.
     0 | D:1      | Reached XP level 1. HP: 10/10 MP: 4/4
    28 | D:1      | Starting vault: watery dumbells.
   189 | D:1      | Reached XP level 2. HP: 13/15 MP: 3/6
   199 | D:1      | Reached skill level 1 in Transmutations
   213 | D:1      | Learned a level 2 spell: Passwall
   267 | D:1      | Found a faded altar of an unknown god.
   289 | D:1      | Grassy area with faded altar at center of floor
   493 | D:1      | Reached XP level 3. HP: 20/20 MP: 5/7
   608 | D:1      | Learned a level 3 spell: Stone Arrow
   860 | D:2      | Reached skill level 1 in Fighting
  1259 | D:2      | Reached skill level 1 in Armour
  1281 | D:2      | Book of Cantrips
  1337 | D:2      | Reached XP level 4. HP: 22/25 MP: 8/8
  1356 | D:2      | Book of Minor Magic
  1358 | D:2      | Learned a level 1 spell: Apportation
  1474 | D:3      | VULEMU FO UVYO - teleportation
  1475 | D:3      | smoky golden potion - ambrosia
  1475 | D:3      | CAIS UTAFEIDA - identify
  1578 | D:3      | orange potion - curing
  1648 | D:3      | HP: 1/26 [worm (3)]
  1672 | D:3      | Sewer vault seems to be in central floor. Accessible from
                  | its southeast corner.
  1759 | D:3      | Gained mutation: Your magical nature lets you fly swiftly
                  | and evasively. [Tengu growth]
  1759 | D:3      | Reached XP level 5. HP: 22/30 MP: 3/9
  1781 | D:3      | Found a glowing drain.
  1785 | Sewer    | Entered a sewer
  1801 | Sewer    | Noticed Pargi
  1826 | Sewer    | Killed Pargi
  1834 | Sewer    | grey potion - haste
  2092 | D:3      | Reached XP level 6. HP: 29/36 MP: 3/10
  2246 | D:3      | +2 rapier of venom in northwest by this interesting little
                  | vault
  2534 | D:3      | bubbling yellow potion - heal wounds
  2714 | D:4      | fuming cyan potion - invisibility
  2715 | D:4      | Found a runed translucent gate.
  2715 | D:4      | Found a runed translucent gate.
  2715 | D:4      | Found a runed translucent gate.
  2717 | D:4      | Found an opulent altar of Gozag.
  2717 | D:4      | Noticed an acid dragon
  2720 | D:4      | staff of poison
  2722 | D:4      | Noticed laqueoix's ghost (amateur MfGl)
  2736 | D:4      | GEAWKIC LEONG - immolation
  2737 | D:4      | BADOOL - blinking
  2779 | D:4      | Fountain of sparkling water that had lots of gold.
  3350 | D:4      | Western D:4 has long vertical vault of dotted rock walls
                  | but seems to have nothing noteworthy.
  3355 | D:5      | Entered Level 5 of the Dungeon
  3457 | D:5      | Reached skill level 5 in Armour
  3546 | D:5      | Reached XP level 7. HP: 39/42 MP: 11/11
  3561 | D:5      | Noticed a hornet
  3599 | D:5      | Killed a hornet
  3600 | D:5      | Reached skill level 1 in Evocations
  3719 | D:5      | Found a hide-covered altar of Uskayaw.
  3790 | D:5      | Found Forem's Weapon Shop.
  3844 | D:5      | Found a broken altar of Ashenzari.
  3860 | D:5      | Found Hyizebum's Antique Armour Shop.
  3863 | D:5      | Bought an encrusted leather armour for 147 gold pieces
  3863 | D:5      | Identified the +3 leather armour of the Shining Light
                  | {Rampage rC++ Will++} (You bought it in a shop on level 5
                  | of the Dungeon)
  3920 | D:5      | Reached XP level 8. HP: 28/48 MP: 12/12
  3946 | D:5      | Found Unideenk's Weapon Shoppe.
  4164 | D:5      | Found Tesytwi's Antique Armour Emporium.
  4170 | D:5      | 1760 gold crystal plate armor
  4261 | D:5      | FIRST OGRE SIGHTED
  4315 | D:5      | Found a snail-covered altar of Cheibriados.
  4315 | D:5      | Found an opulent altar of Gozag.
  4321 | D:5      | Became a worshipper of Gozag Ym Sagoz the Greedy
  4380 | D:5      | Found Sais's Armour Shoppe.
  4693 | D:6      | Reached skill level 5 in Fighting
  4696 | D:6      | Found a staircase to the Ecumenical Temple.
  4716 | D:6      | Temple entrance: 4 2x2 squares of translucent and stone
                  | walls
  4717 | Temple   | Entered the Ecumenical Temple
  4856 | Temple   | Temple: swirl of crystal walls
  5023 | D:6      | rPois ring
  5062 | D:6      | rF+ +2 robe in west
  5524 | D:6      | Reached skill level 1 in Poison Magic
  5543 | D:6      | Grid vault in east.
  5663 | D:6      | Noticed Grinder
  5668 | D:6      | Blinking scroll by Grinder. Use apportation.
  5742 | D:6      | Book of Displacement in west.
  5897 | D:7      | Reached skill level 1 in Staves
  5933 | D:7      | +0 robe of fire resistance (rF+)
  5968 | D:7      | Reached XP level 9. HP: 39/55 MP: 13/13
  6230 | D:7      | Noticed a hornet
  6235 | D:7      | Killed a hornet
  6329 | D:7      | Identified the +0 robe of the Hurricane {Fly rF- SInv
                  | Archmagi}
  6466 | D:7      | Gnoll fort in west.
  6971 | D:7      | bubbling orange potion - lignification
  7252 | D:8      | LOFUORA KEOSI - amnesia
  7319 | D:8      | Reached skill level 1 in Shields
  7338 | D:8      | sedimented blue potion - berserk rage
  7387 | D:8      | staff of conjuration
  7497 | D:8      | Book of Sloth
  7537 | D:8      | Reached skill level 5 in Dodging
  7537 | D:8      | Reached XP level 10. HP: 31/63 MP: 14/14
  7573 | D:8      | gluggy clear potion - brilliance
  7737 | D:8      | Found a flagged portal.
  7765 | Bailey   | Entered a bailey
  8099 | Bailey   | Noticed an orc knight
  8189 | Bailey   | Killed an orc knight
  8419 | D:8      | black potion - might
  8703 | D:9      | Noticed a kobold demonologist
  8717 | D:9      | Killed a kobold demonologist
  8718 | D:9      | Reached skill level 5 in Staves
  8862 | D:9      | Found a staircase to the Lair.
  8878 | D:9      | VELYLU OTTIMASTO - fear
  9032 | D:9      | Killed from afar by an acid dragon

Illustrated notes ##### #.<.# #♣♣##.##♣♣# # #~~P#'#♣~~##.# ♣~~~~~@~~~...# #~~P#.#♣~~##.# #♣P##.##♣♣....... ###...# .#.#### ##### .# # .# .# .# ## Turn 28 on D:1: Starting vault: watery dumbells. .........# #######.......# #..........†.####. #.8..♣.._.....∩... #................. #................ ###∩.....∩..∩..∩### #..(............# #........@......# #..∩..♣..♣..∩..∩# #...............# ## ###.............# . # ... #♣..8..♣..8..♣# .# # #..###.............##.# # #...........)......#..# ##### #........∩..∩..∩..∩..# .... ....#............#... .. Turn 289 on D:1: Grassy area with faded altar at center of floor ..# ...# # ..# #### #.## ###... #..#########..... ####......))........ .####......###.######### .......@.......# ...###..>..).### #......## #### ..........# ######... ..........# #.......# ...........# #...... ............ ...###.# ............. #### #.# ............# ...##.. Turn 1281 on D:2: Book of Cantrips .. #.... ..r ###.. .#.# ##. ....########### #. #............# ####. #.........(.####.... #..............†.. #...........###..> #@..........# #... #................. #................. ###..##........... #.###........... #.# ##.......... #.# .......... .# #......... Turn 1356 on D:2: Book of Minor Magic ... .... ...K# ....g ...... ......# #......###.###. #.....@...<... #.......#..... #..##....r ... #. ####.... . ...... ..#... ..##. ... Turn 1474 on D:3: VULEMU FO UVYO - teleportation ... .... ...K# ....g ...... ......# #......###.###. #.....@...<... #.......#..... #..##...r. ... #. ####.... . ...... ..#... ..##. ... Turn 1475 on D:3: smoky golden potion - ambrosia #... .. .. .## ....? ##.###...# #. ..# ....K. .....#.# .. #.###.. .....g# .......# ##.#..... #...... .......###.......# #..... .................# #..... .......# #####...# #..##. .......## ###)# #. ## ........########@# .................# ......########...# .....## #####.### ###### ##.....#### ...........# ......###### ...... ###### Turn 1578 on D:3: orange potion - curing ..###.......## ##.....<...< ............# #.......#.. ..# #####...# #).##...... ..## ###)# #..#####... ...########.# #.## #... ............# ### #..# .########...# ##.### ##.. ## #####.###.########....#####.. # ##.....####~~@††~~~#.......#.. ...........############....†... ......###### #####..#. ...... #.... ###### ###.# ...# ....## ##### Turn 1672 on D:3: Sewer vault seems to be in central floor. Accessible from its southeast corner. #~≈~# ####### +.~≈~.+ #.~≈~.# #.~≈~.# +.~≈~.+ #.~≈~.# #.~≈~.#### +.~≈~.'@.# #.~≈~.#### #.~≈~.#### +..∩....∩# #.~≈~.#### #.~≈~.# +.~≈~.+ #.~≈~.# #.~≈~.# Turn 1834 on Sewer: grey potion - haste ###### #....####. #......... #.@....... #...#....# ##........ #....##....S....# #....##.........# ##...............# #...#....#.....).# ##................# #.................# Turn 2246 on D:3: +2 rapier of venom in northwest by this interesting little vault ############ #..........# #..........# #..........# #..........# ######### #..........# ....)...# #....>.....# ####### ........# #.....@....# #.....# ........# #.>........# #.....# ........# ######.##.####.....# ....)...# ####.##.#........# ........#####..(..))..##.....# (.............##.##.####.....# .......#########.##.###......# #####..## #.#......###### .###....# #.#......# Turn 2534 on D:3: bubbling yellow potion - heal wounds # ...........#.......# #. #.....##..#.....### ...#.....#.........# ...........#......# .##.......#..##.## ##.......#.....# #...........#....# #....>......#.....# #..@..............# #.............#....# .................# .... ................## .... #.#......#........ # ##.|..##......... #>.............. ...... .... Turn 2714 on D:4: fuming cyan potion - invisibility ##.......#.....# #...........#....# #....>......#..... . ##................. ..####.............#.... ...................# ... ..................## ... ###.#......#........ # ##.@..##......... #>.............. #............ #........... #..##+++##..# ...##.$..$#### ..## D.._..∩ .. 8..8..8# Turn 2720 on D:4: staff of poison # ............... #..###.#......#... ... # ##....##... . ##.# ##>........ ..# ##..## ##.......... .... #....###........... #..#...#.#..##+++##..# #..........##Df..$#### ###.@...###o.._..∩# #........#8..8..8# #...#....#..$...∩# .. #......####.8∩8.## ..... #.##.### ####### ....## ... ... #..$..# .$.#..#. ........# #.. .. .# ......... Turn 2736 on D:4: GEAWKIC LEONG - immolation # ............... #..###.#......#... ... # ##....##... . ##.# ##>........ ..# ##..## ##.......... .... #....###........... #..#...#.#..##+++##..# #..........##Df..$#### ###.@...###o.._..∩# #........#8..8..8# #...#....#..$...∩# .. #......####.8∩8.## ..... #.##.### ####### ....## ... ... #..$..# .$.#..#. ........# #.. .. .# ......... Turn 2737 on D:4: BADOOL - blinking #... #...#....#..$...∩# .....## #......####.8∩8.## .. #...###.##.############ .###.......#...# #...# ..#..#....#..#.# ....## ....####..#..#.###.#..## .....#.................# .......................# .......†........@⌠.....# ....................#### .............#......# .#...........######## .#.......##.## ........##### .#...#.## .#.##### ## Turn 2779 on D:4: Fountain of sparkling water that had lots of gold.

#......## ##.................#
#...##..####.............#....###
..####...................##.....#
..##....................##.....##
.###..###.#......#............##
## #...#####....##..........####
# ##.## ##>..................#
####..## ##.............#......#
.##....###......@......##......#
..#...#.#..##+++##..#.###....###
..........##.$.fW###### ##..##
###.....###..._.oD# ####
#........#8..8..8#
#...#....#..$...∩#
#......####.8∩8.##
##.##.############ ...#...###...#


Turn 3350 on D:4: Western D:4 has long vertical vault of dotted rock walls but
seems to have nothing noteworthy. ## ..# #####.# .....# .. #....#######...
#####.............. ##.$....#.......#.. #>..@.............. ######
#######.#.......# #....♣# #...÷..........## #.#...###.######.......####
#..♣.∩#........'..........# #..####.....####..........# #...........#
#..........# #...........########.##...# #.......§§§...........#...# Turn 4170
on D:5: 1760 gold crystal plate armor .................>..
..#####...........#..≈# ...####.....<........≈# ....).............#..≈#
..#####.####.####.#O.≈ ..# #.# #.# .... ..# #.# #.# ..# ..# #.. #.####..# ...
...###....@..# ...# #....####......# ##.# ..##... #.#......# #.##
######.##.#..##### ....# ................ ..... ..####.###g..#. ##..#
#..y.......# # ....# #.##.###.#.# .... #g#.g....#.# Turn 4261 on D:5: FIRST OGRE
SIGHTED #......##.... # #......# ... #. ##.....## .. ##.####....).# #
..#............####. ..#.##...##......... "...##...##.........
...................# ##....@....##.....$. +...................
##.##...##.#######.. ....##...##..... ................ ..###......#....# .
#.#.##.#.##.# #.#.# .# # .# #.#.# .. Turn 4716 on D:6: Temple entrance: 4 2x2
squares of translucent and stone walls .....# ##.......## #......##
.#########...###...#########...## ## #......## ##......# ##.... # #.....##
##.....# ##... #.._..# #.._..# #... ##.....# ##.....# ##._. ##......# ##......#
##.... ####...#########...#########...## ......## #....@.## #......## .....##
#..._.## #.....## .._..# #.....# #.._..# .....## #._...# ##.....# ......##
#.....# ##......# ####...###############...##### ##......# #......## ##.....#
#.....## #.._..# #.._..# Turn 4856 on Temple: Temple: swirl of crystal walls
#..........# #..........# #..........# #..........# $ #..........# #..........#
. #..........######.# #.................. #.@................
#.###+#............ #. #.....#####.# .. #.....#####. ... #........##.# ....
#........#... ..... #........#.## ...... #...##."...## #.#............ Turn 5023
on D:6: rPois ring .. .## # ######.#####..# . ..............
###.###...........#$ . ... .............###. #.##............#... #.....#
#.......... #.....####.......... #..@.............### #.##..........#..... #
#..........#..... #..........#..... #..........#..... $ #..........#.....
#..........#..... #..........###### #................ Turn 5062 on D:6: rF+ +2
robe in west ..##.##.# #.# ####### ####.##.# #.#######.....# ####.##.#
#.#.......###.# .....##'###.#.#.#.#.## ............#........#
............#.#.#.#.## ............#..>.....# #######.###.#.#.#.#.## # ......#
..#...@....# ##[.....# .##.#.#.#.## # ......... # #........# .# #.####..#
#.#.#.#.###.# ...#... #...........# .....# #####.#.#.#.#.### ..####
#.............# ### #.###.#.#.#.#.# # # #.# #.........# Turn 5543 on D:6: Grid
vault in east. ..##..........# . ..##........... .. #........... 5..####
#.###'#..... .......#######.....#..... ..................##.....
...................#..... ...................#..... .....##.@..........#.....
... #............#...## . ############.#..... #############.......
................#... ######..#####...#... ######..# #...#... #.......# #####...
#.<.....# #... Turn 5668 on D:6: Blinking scroll by Grinder. Use apportation.
##.................... ####...####.###......... .......+................
.......####.##.......... .......####.....####.... .........##.....####....
.........##............. .........##.##.......... #.#...@.##.##..........
.........##.##.......... .........##.##.......... $........##.##..........
............##.......... ............##.......... ...#........##..........
...######...##.......... 5..#### #...##.###'#.... Turn 5742 on D:6: Book of
Displacement in west. .# #. ..###.# .....# #...######## #. #..........# .# #
#.###..........##. .#.# ##.#.......@....... .#.# #...............##. ...#
#.........####### ...# #........)# ...# #.........# ...# #.........#
...###....#.#..... ....##...<#.###### ....##....#.# Turn 5933 on D:7: +0 robe of
fire resistance (rF+) ... ..# # ...##..# ## # PP..#..... # ♣...##.#. ###
♣♣PP.#..... # ... ♣P♣..#.#.####.## # $#♣PP..#..<.......# #
######......#..#.##.#.# # #[..)'...@........#.#.#### $#.)>.'........##..#.#.....
+....'................#### #++######♣.....##........# #)....#PPPPP..###........#
#$.OO.#♣PP♣...# #........#### #.Og.$ ♣PPPP.## #............ ##### #♣P♣...#
#............ #..P♣♣♣PPP...# #............ Turn 6466 on D:7: Gnoll fort in west.
#.# #.# #.# ###.# ## >... ..# ..### #.## #...# #..#### #@#.# #.....#
#.#.###.....# # #...........## #### #.....#............# ...#
#.....#............# .♣.## #.....#........###.## ♣PP.# #.....#........###..####
♣♣..# #.....#........#........ ....# #.....#........#........ Turn 6971 on D:7:
bubbling orange potion - lignification #.... .## ##.... ..## ......##.>#
#........# #........###### #......)......# #.....).....#.### #......))...#....
#####..@......... #............ #............ #.......#.... #.......#....
#.......# .. #.......# . #.......# ######### Turn 7252 on D:8: LOFUORA KEOSI -
amnesia ### #.# #.# #######@## #........# #........## #.........# ##.........#
##########.......#.# #................#.# #................#.#
#.................. Turn 7338 on D:8: sedimented blue potion - berserk rage
##.........# ###.......#.# ########### ..........#.# #.......... ..........#.#
#........# ............####.......# .....#................##$
.....#..##..####.......# .....#..##.)...#..).# .............#..@.)##
......#..#.......)## ......#......####..# .............. ##..# ...............
.... .....#......... ....# .....###........ .....# $ ..................F.....#..
........................... Turn 7387 on D:8: staff of conjuration ####..
###....##### ###########..........## ....#.................##
..#....................# .###...................# ##$##..................# .#
#.........)).@......# ## ##.#......$.........# # ####..............##
##............## #....########## ## #.....# .# .......# ## .......# .# /......
Turn 7497 on D:8: Book of Sloth ####.. ###....#####
##################..........## #..........#.................##
#........#....................# ##.......###...................#
........##.##..................# ##.......#.#.........))........#
.#..).#)##.##.#.@....).........# ....)##'#...####..............##
...)##....[....##............## ###..####...####....##########
####..#.##.##.#.....# .........#.#........# ........##[##.......##
.........###............ ..........#............. Turn 7573 on D:8: gluggy clear
potion - brilliance ....##..........## .................## ..................#
..................#### $.......$............# ..$..........~~~~~~~.#
........!....~##.##~.# .............~#...#~h# ...........<.≈#.@.#≈.#
........####.≈#...#≈.# #######.####.≈#####~.# #.##...z~~≈≈~h.# #
#....#.....zz..# # ###............# ####### ############## ......# ......# Turn
8419 on D:8: black potion - might #...# #P......P.♣P... #...# ..♣.......PP...
#...# #....♣...h...P. #...# #P.lD.h...... #...# ##...h....P#. #...#
######l....#.# #.#.# #....S.##### #.#)# #....#.# #.#)#... #....#@#
#.).#..####.#..h.# #...#.>#......S..# #...#..#.#..l.#### ....#..#.#....#
....#..#.#....# ....#..#......# ....#..'......# ....'..#.#....# Turn 8878 on
D:9: VELYLU OTTIMASTO - fear

Levels and vault maps discovered:
D:1:      sevenhm_arrival_forest_fort_small_4, layout_basic,
          hellmonk_ecumenical_altar_arch_garden
D:2:      layout_rooms
D:3:      layout_rooms, gup_sewer_entry_spiral, skrybe_limestone_x,
          minmay_circle_x
D:4:      layout_cave_pools, ebering_ghost_gozag, columned_hall_lemuel,
          minmay_misc_feat_more_columns, dreamdust_wishing_well,
          hangedman_abyss_or_decor_jellyfish_corner
D:5:      layout_basic, nicolae_uskayaw_dance_hall,
          mainiacjoe_overflow_small_starburst, nicolae_overflow_two_pavilions,
          serial_shops, nicolae_shop_behind_doors, shop, shop,
          nicolae_shop_pleasant_corner_grove, shop
D:6:      layout_basic, minmay_temple_entry_stoned_glass, st_stairs_12,
          uniq_grinder
D:7:      kennysheep_housing_project, layout_basic
D:8:      layout_rooms, enter_bailey_3, minmay_fractal_squares_gapless_5
D:9:      layout_stronghold, tso_altar, minmay_lair_entry_grove, orc_david_3,
          gammafunk_ghost_hydra_chop, nicolae_transporter_intersection
Temple:   minmay_crystal_spiral_temple

Skill      XL: |  1  2  3  4  5  6  7  8  9 10 |
---------------+-------------------------------+-----
Transmutations | 1 2 |  2.0
Stealth        | 3 |  3.0
Fighting       | 1 2 3 4 6 8 |  8.3
Armour         | 1 2 3 5 6 8 |  8.0
Evocations     | 2 3 |  3.0
Poison Magic   | 2 3 |  3.0
Staves         | 1 3 6 |  6.1
Dodging        | 5 7 |  7.3
Shields        | 2 3 |  3.0
Spellcasting   | |  2.5
Earth Magic    | |  2.1

Action                     |  1- 3 |  4- 6 |  7- 9 | 10-12 || total
---------------------------+-------+-------+-------+-------++-------
  Melee: Unarmed           |    13 |       |       |       ||    13
         Kick              |    27 |    37 |   111 |    86 ||   261
         Peck              |     8 |    25 |    81 |    47 ||   161
         Dagger            |    83 |   106 |       |       ||   189
         Punch             |     1 |     2 |     4 |       ||     7
         Rapier            |       |    38 |   235 |       ||   273
         Staff             |       |     6 |    92 |   251 ||   349
   Cast: Sandblast         |    37 |    53 |     5 |     1 ||    96
         Passwall          |       |       |     2 |     4 ||     6
         Apportation       |       |       |     4 |       ||     4
 Invoke: Potion Petition   |       |       |       |     1 ||     1
  Evoke: Wand              |       |       |     7 |    23 ||    30
    Use: Scroll            |       |     8 |     3 |     6 ||    17
         Potion            |       |       |     3 |     8 ||    11
   Stab: Sleeping          |     2 |     1 |     4 |    12 ||    19
         Paralysed         |       |       |     8 |       ||     8
         Distracted        |       |       |     1 |       ||     1
 Armour: Robe              |    14 |       |       |       ||    14
         Leather armour    |     9 |    10 |   105 |    55 ||   179
         Ring mail         |       |    26 |     4 |       ||    30
  Dodge: Dodged            |    60 |   130 |   265 |   169 ||   624
  Block: Buckler           |       |       |    10 |    79 ||    89
